 Dungeon Crawl Stone Soup version 0.20.0-10-g0535bb4 (webtiles) character file.

108 Kriby the Chopper (level 4, -1/41 HPs)
             Began as a Hill Orc Fighter on June 5, 2017.
             Slain by a gnoll (4 damage)
             ... on level 3 of the Dungeon.
             The game lasted 00:01:26 (2341 turns).

Kriby the Chopper (Hill Orc Fighter)                Turns: 2341, Time: 00:01:26

Health: -1/41      AC: 10    Str: 19    XL:     4   Next: 87%
Magic:  4/4        EV:  7    Int:  8    God:
Gold:   152        SH:  9    Dex: 10    Spells: 3/3 levels left

rFire    . . .     SeeInvis .   a - +0 war axe
rCold    . . .     Gourm    .   c - +0 shield
rNeg     . . .     Faith    .   b - +0 scale mail
rPois    .         Spirit   .   (no helmet)
rElec    .         Reflect  .   (no cloak)
rCorr    .         Harm     .   (no gloves)
MR       .....                  k - +2 pair of boots
Stlth    ..........             (no amulet)
Regen    0.2/turn               (no ring)
MPRegen  0.1/turn               (no ring)

@: no status effects
A: no striking features
a: no special abilities


You were on level 3 of the Dungeon.
You were not hungry.

You visited 1 branch of the dungeon, and saw 3 of its levels.

You collected 152 gold pieces.

Inventory:

Hand Weapons
 a - a +0 war axe (weapon)
Missiles
 i - 4 javelins (quivered)
Armour
 b - a +0 scale mail (worn)
 c - a +0 shield (worn)
 k - a +2 pair of boots (worn)
Scrolls
 g - a scroll of enchant weapon {unknown}
 h - 3 scrolls of remove curse {unknown}
 j - a scroll of fear {unknown}
 m - 2 scrolls of identify {unknown}
 n - a scroll of immolation {unknown}
 p - a scroll of fog {unknown}
 s - a scroll of amnesia {unknown}
 t - a scroll of magic mapping {unknown}
Potions
 d - a potion of might
 e - a potion of curing {unknown}
 q - a potion of ambrosia {unknown}
 u - a potion of invisibility {unknown}
 v - a potion of mutation {unknown}
 w - 2 potions of flight {unknown}
Comestibles
 f - 3 bread rations
 l - 4 chunks of flesh
 o - 3 fruits
 r - 2 meat rations


   Skills:
 + Level 4.8 Fighting
 * Level 5.4 Axes
 - Level 3.2 Armour
 - Level 3.2 Shields


You had 3 spell levels left.
You didn't know any spells.

Dungeon Overview and Level Annotations

Branches:
Dungeon (3/15)

Altars:


Message History

The gnoll hits you but does no damage. The gnoll hits you with a spear.
* * * LOW HITPOINT WARNING * * *
You closely miss the gnoll.
The gnoll is almost dead.
You closely miss the gnoll. You completely miss the gnoll.
You block the gnoll's attack. The gnoll hits you!
* * * LOW HITPOINT WARNING * * *
The gnoll hits you but does no damage. You block the gnoll's attack.
The gnoll barely misses you. You block the gnoll's attack.
You barely miss the gnoll.
The gnoll is severely wounded.
You closely miss the gnoll. You hit the gnoll but do no damage.
You block the gnoll's attack. x2; The gnoll hits you but does no damage.
You hit the gnoll but do no damage.
The gnoll is almost dead.
You barely miss the gnoll. You closely miss the gnoll.
The gnoll hits you with a whip.
* * * LOW HITPOINT WARNING * * *
The gnoll hits you.
You die...

###+#......##..#
####.....##...##..#
...........#.#....#
........##.#.#.#..#
#####
........##.#.#.##.#
#.)..
.............#....# #
#....
.........#)########.#
#....
.........#.gg.......#
#....
.###.....#.g@......#
#....
........##.##<....#
#....
......####.##.########
##... .......
#.#.........# #...
##..... #.###.#####.#
#... #.....
#.#.......#.# ##...
#.#.#....##.# #....
#...#######.# #....
##### #.# #.##'


You could see 3 gnolls.

Vanquished Creatures
  A gnoll (D:3)
  3 adders
  5 worms
  2 dart slugs
  A leopard gecko (D:2)
  4 orcs (D:3)
  2 giant cockroaches
  4 goblins
  2 hobgoblins
  4 jackals (D:3)
  4 kobolds
  A quokka (D:3)
  A ball python (D:2)
  9 bats
  5 frilled lizards
  3 rats (D:1)
51 creatures vanquished.

Notes
Turn   | Place    | Note
-------+----------+-------------------------------------------
     0 | D:1      | Kriby the Hill Orc Fighter began the quest for the Orb.
     0 | D:1      | Reached XP level 1. HP: 19/19 MP: 1/1
    95 | D:1      | Reached skill level 3 in Axes
   339 | D:1      | Reached XP level 2. HP: 25/27 MP: 2/2
  1258 | D:2      | Reached skill level 4 in Axes
  1258 | D:2      | Reached XP level 3. HP: 33/33 MP: 3/3
  1924 | D:2      | Reached XP level 4. HP: 40/40 MP: 4/4
  2098 | D:3      | Reached skill level 5 in Axes
  2341 | D:3      | Slain by a gnoll

Skill      XL: |  1  2  3  4 |
---------------+-------------+-----
Axes           | 3 4 5 |  5.4
Fighting       | 4 |  4.8
Armour         | |  3.2
Shields        | |  3.2

Action                   |  1- 3 |  4- 6 || total
-------------------------+-------+-------++-------
Melee: War axe           |   152 |    61 ||   213
  Eat: Chunk             |     3 |     2 ||     5
Armor: Scale mail        |    96 |    27 ||   123
Dodge: Dodged            |    61 |    17 ||    78
Block: Shield            |    92 |    31 ||   123
